 Dungeon Crawl Stone Soup version 0.29.0-4-gdea44cf6ec (webtiles) character file.

Game seed: 9021526273906695168

245 qw the Chopper (level 6, -4/35 HPs)
             Began as a Tengu Warper on Aug 28, 2022.
             Slain by a mummy (12 damage)
             ... in an ossuary.
             The game lasted 00:00:19 (4017 turns).

qw the Chopper (Tengu Warper)                       Turns: 4017, Time: 00:00:20

Health: -4/35      AC:  5    Str: 14    XL:     6   Next: 10%
Magic:  10/10      EV: 12    Int: 13    God:
Gold:   222        SH:  9    Dex: 13    Spells: 9/9 levels left

rFire   . . .      SeeInvis .   Y - +0 war axe
rCold   . . .      Faith    .   a - +0 buckler
rNeg    . . .      Spirit   .   n - +0 ring mail
rPois   .          Reflect  +   (helmet restricted)
rElec   .          Harm     .   (no cloak)
rCorr   .          Rampage  .   (no gloves)
Will    .....                   (boots unavailable)
Stlth   +.........              m - amulet of reflection
HPRegen 0.11/turn               (no ring)
MPRegen 0.12/turn               (no ring)

@: marked, flying quickly and evasively, quick
A: beak, talons 3, nimble flight
a: no special abilities


You were in an ossuary.
You visited 1 branch of the dungeon, and saw 4 of its levels.
You also visited: Ossuary.

You collected 222 gold pieces.


Innate Abilities, Weirdness & Mutations

You have a beak for a mouth.
You have claws for feet.
Your magical nature lets you fly swiftly and evasively.


   Skills:
 - Level 2.0 Fighting
 + Level 6.4 Axes
 - Level 1.0 Throwing
 - Level 1.1 Armour
 - Level 2.1 Dodging
 - Level 1.7 Shields
 - Level 2.0 Spellcasting
 - Level 2.4 Translocations


You had 9 spell levels left.
You didn't know any spells.
Your spell library contained the following spells:

 Spells                   Type           Power      Damage    Failure   Level
 Blink                    Tloc           14%        N/A       38%         2
 Gell's Gravitas          Tloc           7%         N/A       63%         3
 Lesser Beckoning         Tloc           7%         N/A       63%         3
 Teleport Other           Tloc           7%         N/A       63%         3
 Manifold Assault         Tloc           7%         N/A       100%        5

Inventory:

Hand Weapons
 g - a +0 whip
 Y - a +0 war axe (weapon)
Armour
 a - a +0 buckler (worn)
 n - a +0 ring mail (worn)
Jewellery
 m - an amulet of reflection (around neck)
Potions
 b - a potion of curing {unknown}
 c - a potion of lignification {unknown}
 d - a potion of attraction {unknown}
 e - a potion of haste
 i - a potion of brilliance {unknown}
 j - a potion of invisibility {unknown}
 k - a potion of magic {unknown}

Dungeon Overview and Level Annotations

Branches:
Dungeon (4/15)            Ossuary (1/1)
 Temple: D:4-7

Altars:
Kikubaaqudgha


Message History

You have reached level 6!
You start resting.
HP restored. 2 hobgoblin zombies come into view.
The hobgoblin zombie sets off the alarm!
The alarm trap emits a blaring wail!
A sentinel's mark forms upon you.
The hobgoblin zombie fails to trigger a net trap.
The hobgoblin zombie sets off the alarm!
The alarm trap emits a blaring wail!
The mark upon you grows brighter.
The hobgoblin zombie fails to trigger a net trap.
You hit the hobgoblin zombie.
The hobgoblin zombie is lightly damaged.
The hobgoblin zombie hits you.
You slash the hobgoblin zombie!
You destroy the hobgoblin zombie!
You completely miss the hobgoblin zombie.
The hobgoblin zombie closely misses you.
The hobgoblin zombie barely misses you.
You hit the hobgoblin zombie. You claw the hobgoblin zombie.
You destroy the hobgoblin zombie!
You start resting.
A mummy comes into view. x2
The mummy drops a net on you.
You become entangled in the net!
A mummy comes into view.
The mummy pulls the alarm!
The alarm trap emits a blaring wail!
The mark upon you grows brighter.
You struggle against the net.
The mummy barely misses you.
You struggle against the net.
The mummy hits you but does no damage.
You struggle against the net.
The mummy hits you! x2
You struggle against the net.
The mummy barely misses you.
You rip the net and break free!
The mummy hits you!
You die...

#.....#
#.....#
##.....##
#.....^.#
##^...^##
#....^..#
##.....##
#.....^.#
##....@##
#....MMM#
##.....##
#..^....
##.^...#
#...^...
##.....#
....^..


You could see 3 mummies.

Vanquished Creatures
  A scorpion (D:3)
  A centaur zombie (Ossuary)
  An iguana (D:4)
  Terence (D:3)
  3 mummies (Ossuary)
  An adder (D:3)
  2 worms
  2 dart slugs
  2 ball pythons
  2 endoplasms (D:1)
  3 giant cockroaches
  6 goblins
  4 hobgoblins
  5 kobolds
  5 quokkas
  2 bats
  3 frilled lizards
  2 hobgoblin zombies (Ossuary)
  4 rats
50 creatures vanquished.

Vanquished Creatures (others)
  4 plants
4 creatures vanquished.

Grand Total: 54 creatures vanquished

Notes
Turn   | Place    | Note
-------+----------+-------------------------------------------
     0 | D:1      | qw the Tengu Warper began the quest for the Orb.
     0 | D:1      | Reached XP level 1. HP: 12/12 MP: 4/4
     0 | D:1      | 0 ||| qw: Version: 0.1-a-89-g26bdef1
     0 | D:1      | 0 ||| qw: Game counter: 2292
     0 | D:1      | 0 ||| qw: Always use a shield: true
     0 | D:1      | 0 ||| qw: God list: Okawaru
     0 | D:1      | 0 ||| qw: Allow faded altars: false
     0 | D:1      | 0 ||| qw: Do Orc after D:15 true
     0 | D:1      | 0 ||| qw: Do second Lair branch before Depths: true
     0 | D:1      | 0 ||| qw: Lair rune preference: random
     0 | D:1      | 0 ||| qw: Plans: Normal
     0 | D:1      | 0 ||| PLANNING D:1-11
   229 | D:1      | Reached XP level 2. HP: 14/17 MP: 6/6
   282 | D:1      | Reached skill level 3 in Axes
   471 | D:1      | Found a faded altar of an unknown god.
   499 | D:1      | 499 ||| DROPPING +0 club.
   524 | D:1      | 524 ||| Stepping ~*~*~tactically~*~*~ (hiding).
   626 | D:1      | 626 ||| Stepping ~*~*~tactically~*~*~ (hiding).
   728 | D:1      | 728 ||| Stepping ~*~*~tactically~*~*~ (hiding).
   830 | D:1      | 830 ||| Stepping ~*~*~tactically~*~*~ (hiding).
  1059 | D:1      | Reached XP level 3. HP: 16/21 MP: 7/7
  1312 | D:1      | 1312 ||| UPGRADING to amulet of the acrobat.
  1317 | D:1      | 1317 ||| READING scroll labelled GIXKEYXUWAE.
  1318 | D:1      | 1318 ||| READING 2 scrolls labelled DITZIA EGRYRPH.
  1319 | D:1      | 1319 ||| DROPPING scroll of blinking.
  1320 | D:1      | 1320 ||| DROPPING scroll of magic mapping.
  1439 | D:2      | Reached skill level 4 in Axes
  1606 | D:2      | 1606 ||| SWAPPING to +0 war axe.
  1626 | D:2      | 1626 ||| DROPPING +0 hand axe.
  1765 | D:2      | 1765 ||| Stepping ~*~*~tactically~*~*~ (hiding).
  1867 | D:2      | 1867 ||| Stepping ~*~*~tactically~*~*~ (hiding).
  2229 | D:2      | 2229 ||| UPGRADING to +0 buckler.
  2234 | D:2      | 2234 ||| DRINKING 2 silvery potions.
  2317 | D:3      | Found an ancient bone altar of Kikubaaqudgha.
  2412 | D:3      | Noticed Terence
  2423 | D:3      | Killed Terence
  2424 | D:3      | Reached skill level 1 in Shields
  2424 | D:3      | Reached XP level 4. HP: 8/26 MP: 8/8
  2838 | D:3      | Noticed a scorpion
  2849 | D:3      | HP: 5/26 [scorpion (2)]
  2850 | D:3      | 2850 ||| DRINKING potion of heal wounds.
  2852 | D:3      | Killed a scorpion
  2853 | D:3      | Reached skill level 5 in Axes
  2853 | D:3      | Gained mutation: Your magical nature lets you fly swiftly
                  | and evasively. [Tengu growth]
  2853 | D:3      | Reached XP level 5. HP: 21/30 MP: 9/9
  3247 | D:3      | 3247 ||| UPGRADING to +0 ring mail.
  3257 | D:3      | 3257 ||| DROPPING +0 leather armour.
  3258 | D:3      | 3258 ||| UPGRADING to amulet of reflection.
  3268 | D:3      | 3268 ||| DROPPING amulet of the acrobat.
  3269 | D:3      | 3269 ||| READING scroll labelled NEANWUBAOSI.
  3270 | D:3      | 3270 ||| DRINKING 2 green potions.
  3271 | D:3      | 3271 ||| Stepping randomly (stuck).
  3272 | D:3      | 3272 ||| Stepping ~*~*~tactically~*~*~ (cloud).
  3463 | D:4      | 3463 ||| PLANNING OSSUARY
  3468 | D:4      | 3468 ||| Stepping ~*~*~tactically~*~*~ (stealth).
  3670 | D:4      | Found a sand-covered staircase.
  3679 | Ossuary  | Entered an ossuary
  3693 | Ossuary  | Reached skill level 6 in Axes
  3898 | Ossuary  | Reached XP level 6. HP: 25/35 MP: 10/10
  4015 | Ossuary  | HP: 8/35 [mummy (15)]
  4017 | Ossuary  | Slain by a mummy

Levels and vault maps discovered:
D:1:      sevenhm_arrival_forest_fort_small_4, layout_rooms,
          ebering_ecumenical_altar_webs, corexii_leaking_fountain,
          serial_bayou_pond_d
D:2:      layout_loops_ring, nicolae_kite_square_tiling_tiny
D:3:      layout_rooms, mainiacjoe_overflow_boulevard,
          chequers_serial_rivers_large_a, st_stairs_3, uniq_terence
D:4:      layout_cave_pools, gammafunk_temple_overflow_claw,
          mainiacjoe_overflow_alcove_2, nicolae_ossuary_entry_ruins
Ossuary:  ossuary_the_hunt_dpeg

Skill      XL: |  1  2  3  4  5 |
---------------+----------------+-----
Axes           | 3 4 5 6 |  6.4
Shields        | 1 |  1.7
Fighting       | |  2.0
Throwing       | |  1.0
Armour         | |  1.1
Dodging        | |  2.1
Spellcasting   | |  2.0
Translocations | |  2.4

Action                   |  1- 3 |  4- 6 || total
-------------------------+-------+-------++-------
Melee: Hand axe          |    60 |       ||    60
       Kick              |    20 |    16 ||    36
       Peck              |    12 |     5 ||    17
       War axe           |    15 |    49 ||    64
Throw: Boomerang         |     7 |       ||     7
  Use: Scroll            |     2 |     1 ||     3
       Potion            |     1 |     2 ||     3
Armor: Leather armour    |    13 |     1 ||    14
       Ring mail         |       |     9 ||     9
Dodge: Dodged            |    39 |    25 ||    64
Block: Buckler           |     1 |    10 ||    11
       Reflection        |       |     3 ||     3

Table legend:
 A = Non-vault XP
 B = Vault XP
 C = Vault XP percentage of total XP
 D = Non-vault monster count
 E = Vault monster count
 F = Vault count percentage of total count
                 A         B        C        D         E       F
            +---------+---------+-------+---------+---------+-------
      Total |     197 |     153 |  43.7 |      41 |       9 |  18.0
            +---------+---------+-------+---------+---------+-------
        D:1 |      36 |       0 |   0.0 |      19 |       0 |   0.0
        D:2 |      21 |       0 |   0.0 |       9 |       0 |   0.0
        D:3 |      94 |      51 |  35.2 |       7 |       3 |  30.0
        D:4 |      46 |       0 |   0.0 |       6 |       0 |   0.0
    Ossuary |       0 |     102 | 100.0 |       0 |       6 | 100.0
            +---------+---------+-------+---------+---------+-------
